 Dungeon Crawl Stone Soup version 0.27.1 (webtiles) character file.

Game seed: 5591825163052682525

8610 jlumianski the Cleaver (level 11, -18/99 HPs)
             Began as a Deep Dwarf Fighter on Aug 29, 2021.
             Was an Elder of Makhleb.
             Demolished by an orc warlord (41 damage)
             ... in a bailey on Sept 1, 2021.
             The game lasted 00:47:24 (7195 turns).

jlumianski the Cleaver (Deep Dwarf Fighter)         Turns: 7195, Time: 00:47:25

Health: -18/99     AC: 26    Str: 30    XL:     11   Next: 12%
Magic:  8/8        EV:  5    Int:  8    God:    Makhleb [****..]
Gold:   351        SH: 12    Dex: 12    Spells: 10/10 levels left

rFire    . . .     SeeInvis .   p - +0 broad axe (freeze)
rCold    . . .     Faith    .   c - +0 kite shield
rNeg     . . .     Spirit   .   E - +0 crystal plate armour
rPois    .         Reflect  .   (no helmet)
rElec    .         Harm     .   a - +0 cloak
rCorr    .         Rampage  .   s - +1 pair of gloves
Will     +....                  k - +2 pair of boots
Stlth    ..........             (no amulet)
HPRegen  0.00/turn              K - +4 ring of slaying
MPRegen  0.11/turn              G - +6 ring of strength

@: no status effects
A: damage resistance, heal wounds, sense surroundings 2, no regeneration
a: Heal Wounds, Renounce Religion, Minor Destruction, Lesser Servant of Makhleb,
Major Destruction


You were in a bailey.
You worshipped Makhleb.
Makhleb was greatly pleased with you.
You visited 3 branches of the dungeon, and saw 11 of its levels.
You also visited: Bailey.

You collected 351 gold pieces.

Inventory:

Hand Weapons
 d - a +2 dagger of holy wrath
 o - a +6 demon whip of venom
 p - a +0 broad axe of freezing (weapon)
Missiles
 f - 20 boomerangs (quivered)
 n - 22 poisoned darts
Armour
 a - a +0 cloak (worn)
 c - a +0 kite shield (worn)
 k - a +2 pair of boots (worn)
 s - a +1 pair of gloves (worn)
 E - a +0 crystal plate armour (worn)
Jewellery
 i - a +6 ring of dexterity
 G - a +6 ring of strength (right hand)
 I - a ring of protection from cold
 K - a +4 ring of slaying (left hand)
Wands
 t - a wand of charming (3)
 A - a wand of polymorph (1)
Scrolls
 g - 2 scrolls of holy word {unknown}
 h - 4 scrolls of identify
 m - a scroll of fear
 q - 5 scrolls of teleportation
 v - a scroll of summoning {unknown}
 w - a scroll of blinking
 x - 3 scrolls of fog
Potions
 b - a potion of mutation {unknown}
 e - a potion of invisibility
 j - 2 potions of cancellation
 l - a potion of haste {unknown}
 r - a potion of flight
 z - 3 potions of curing
 B - a potion of heal wounds {unknown}
 H - a potion of lignification


   Skills:
 + Level 6.6 Fighting
 + Level 10.6(11.1) Axes
 + Level 4.6(7.8) Maces & Flails
 + Level 3.1 Throwing
 + Level 8.6 Armour
 + Level 2.3 Dodging
 + Level 0.5 Stealth
 + Level 8.6 Shields
 * Level 5.5 Invocations


You had 10 spell levels left.
You didn't know any spells.
Your spell library contained the following spells:

 Spells                   Type           Power      Damage    Failure   Level
 Magic Dart               Conj           0%         1d3       100%        1
 Shock                    Conj/Air       0%         1d3       100%        1
 Blink                    Tloc           N/A        N/A       100%        2
 Searing Ray              Conj           0%         3d3       100%        2
 Lesser Beckoning         Tloc           0%         N/A       100%        3
 Ozocubu's Armour         Ice            0%         N/A       100%        3
 Swiftness                Air            0%         N/A       100%        3
 Airstrike                Air            0%         N/A       100%        4
 Fulminant Prism          Conj/Hex       0%         3d6       100%        4
 Manifold Assault         Tloc           0%         N/A       100%        5
 Ozocubu's Refrigeration  Ice            0%         4d5       100%        7


Dungeon Overview and Level Annotations

Branches:
Dungeon (9/15)             Temple (1/1) D:6            Lair (1/6) D:8
 Bailey (1/1)
    Orc: D:9-12

Altars:
Ashenzari
Dithmenos
Elyvilon
Fedhas
Gozag
Hepliaklqana
Kikubaaqudgha
Makhleb
Nemelex Xobeh
Okawaru
Qazlal
Ru
Sif Muna
Trog
Uskayaw
Wu Jian
Xom
Yredelemnul
Zin

Shops:
D:5 (

Annotations:
D:4 2 transporters, shadowrider38's ghost, novice DECj
D:5 3 runed translucent doors, 0gre's ghost, weakling GnDe; Houndtax's ghost, novice FoHu; rebdls's ghost, amateur MfSu; sleevener's ghost, novice OpTm; velxir3's ghost, amateur GnWn


Innate Abilities, Weirdness & Mutations

You are resistant to damage.
You can heal yourself by infusing magical energy.
You passively map the area around you.
You do not regenerate.


Message History

The orc goes into a battle-frenzy!
The orc warlord unwields a +0 broad axe.
The orc warlord wields a +0 arbalest.
The orc warlord shoots a bolt.
The bolt hits you!!
* * * LOW HITPOINT WARNING * * *
You feel much better.
Your crystal plate armour prevents you from hitting the orc warlord.
The orc warlord no longer looks unusually strong.
The orc warrior no longer looks unusually strong.
The orc warlord roars a battlecry!
The orc warrior goes into a battle-frenzy!
The orc warlord unwields a +0 arbalest.
The orc warlord wields a +0 broad axe.
You block the orc warlord's attack.
Press: ? - help, Shift-Dir - straight line, f - orc warlord
Aim: an orc warlord, wielding a +0 broad axe, wearing a +0 plate armour and quivering bolts You hear a mighty clap of thunder!
The bolt of lightning hits the orc warlord.
The orc warlord is lightly wounded.
The bolt of lightning hits the orc knight!!
The orc knight is moderately wounded.
The bolt of lightning hits the orc warrior!!
The orc warrior is heavily wounded.
The bolt of lightning misses the hobgoblin.
The bolt of lightning hits the orc.
The orc is severely wounded.
The orc knight no longer looks unusually strong.
Your shield and crystal plate armour prevent you from hitting the orc warlord.
The orc warlord is lightly wounded.
The orc warrior no longer looks unusually strong.
You block the orc warlord's attack.
The orc knight roars a battlecry!
The orcs go into a battle-frenzy!
You slash the orc warlord! You freeze the orc warlord.
The orc warlord is lightly wounded.
The orc warlord roars a battlecry!
The orc knight goes into a battle-frenzy!
You slash the orc warlord! You freeze the orc warlord.
The orc warlord is moderately wounded.
The orc warlord hits you with a +0 broad axe!!!
You die...

.....)..#........)))#
.....)..#........)..#
.......###.......))###
.....###.###.....#'#.###
##.###,,...###.###.....###
.### ,,
....,###.........## ..#
..... #8..........# ..#
.....o#8o.........# ..#,
...ogooo@...⌠....∩# ..#
...ooo#8..........# ..#
..... #8..........# .###,
,.... ###.........##
##.### ...###.###.....###
.....###.###.....#'#.###
.......###.......))###
........#...........#
........#...........#


You could see an orc warlord (strong), an orc knight (strong), 5 orc warriors, 2
orcs and a hobgoblin.

Vanquished Creatures
  A two-headed ogre (D:8)
  Pikel (D:4)
  An orc knight (Bailey)
  A black mamba (D:8)
  A gargoyle (D:8)
  A komodo dragon (D:8)
  Sigmund (D:2)
  A wyvern (D:7)
  7 yaks
  2 steam dragons
  2 water moccasins (D:6)
  3 ice beasts
  6 orc warriors
  A necrophage (D:6)
  A sky beast (D:6)
  5 ogres
  3 black bears
  5 centaurs
  A kobold brigand (D:8)
  3 lemures (D:4)
  3 bullfrogs
  3 scorpions
  A wyvern skeleton (D:5)
  5 wights (D:7)
  11 killer bees
  2 centaur zombies
  3 bullfrog zombies
  2 gnoll shamans (D:6)
  5 orc priests
  A bullfrog skeleton (D:6)
  4 hounds
  3 jellies
  A centaur skeleton (D:6)
  5 iguanas
  2 scorpion zombies (D:5)
  5 orc wizards
  A hound zombie (D:5)
  A howler monkey skeleton (D:3)
  7 gnolls (Bailey)
  7 adders
  An adder skeleton (D:5)
  3 worms
  2 dart slugs
  34 orcs
  A bat (D:3)
  6 endoplasms
  4 giant cockroaches
  23 goblins
  21 hobgoblins
  3 jackals (D:1)
  5 kobolds
  A quokka (D:3)
  4 ball pythons
  2 frilled lizards (D:1)
  8 rats
237 creatures vanquished.

Vanquished Creatures (collateral kills)
  A gnoll (Bailey)
1 creature vanquished.

Vanquished Creatures (others)
  4 fungi (D:8)
  9 plants
13 creatures vanquished.

Grand Total: 251 creatures vanquished

Notes
Turn   | Place    | Note
-------+----------+-------------------------------------------
     0 | D:1      | jlumianski the Deep Dwarf Fighter began the quest for the
                  | Orb.
     0 | D:1      | Reached XP level 1. HP: 20/20 MP: 1/1
   187 | D:1      | Reached XP level 2. HP: 25/27 MP: 2/2
   788 | D:2      | Noticed Sigmund
   801 | D:2      | Killed Sigmund
   802 | D:2      | Reached skill level 3 in Axes
   802 | D:2      | Reached skill level 1 in Dodging
   802 | D:2      | Reached XP level 3. HP: 21/34 MP: 3/3
   802 | D:2      | Reached XP level 4. HP: 26/42 MP: 4/4
   802 | D:2      | Reached XP level 5. HP: 30/49 MP: 5/5
  1181 | D:2      | Noticed a black bear
  1185 | D:2      | Killed a black bear
  1186 | D:2      | Reached skill level 4 in Axes
  1186 | D:2      | Reached XP level 6. HP: 31/56 MP: 6/6
  1761 | D:3      | Found a basalt altar of Yredelemnul.
  1959 | D:3      | Found a blossoming altar of Fedhas.
  2097 | D:3      | Found a faded altar of an unknown god.
  2164 | D:3      | Found a sacrificial altar of Ru.
  2558 | D:4      | You fall into a shaft and drop 3 floors!
  2566 | D:7      | Noticed an ice beast
  2572 | D:5      | Entered Level 5 of the Dungeon
  2606 | D:4      | Reached skill level 5 in Axes
  2606 | D:4      | Reached skill level 5 in Armour
  2606 | D:4      | Reached XP level 7. HP: 37/64 MP: 7/7
  2646 | D:4      | Found a transporter.
  2649 | D:4      | Noticed shadowrider38's ghost (novice DECj)
  2668 | D:4      | Found a transporter.
  2962 | D:4      | Found a broken altar of Ashenzari.
  3485 | D:4      | Noticed Pikel
  3499 | D:4      | Killed Pikel
  3500 | D:4      | Reached skill level 6 in Axes
  3500 | D:4      | Reached skill level 5 in Shields
  3500 | D:4      | Reached XP level 8. HP: 22/73 MP: 7/7
  3759 | D:5      | Found a runed translucent gate.
  3759 | D:5      | Found a runed translucent gate.
  3759 | D:5      | Found a runed translucent gate.
  3759 | D:5      | Noticed sleevener's ghost (novice OpTm)
  3759 | D:5      | Noticed velxir3's ghost (amateur GnWn)
  3759 | D:5      | Noticed 0gre's ghost (weakling GnDe)
  3760 | D:5      | Noticed rebdls's ghost (amateur MfSu)
  3760 | D:5      | Noticed Houndtax's ghost (novice FoHu)
  3860 | D:5      | Found an iron altar of Okawaru.
  4079 | D:5      | Reached skill level 7 in Axes
  4093 | D:5      | Found Zenaoq's Hydra Hut.
  4094 | D:5      | Noticed a seven-headed hydra
  4222 | D:5      | Found a glowing golden altar of the Shining One.
  4224 | D:5      | Found a glowing silver altar of Zin.
  4224 | D:5      | Found a shadowy altar of Dithmenos.
  4226 | D:5      | Found a shimmering altar of Xom.
  4226 | D:5      | Found a blossoming altar of Fedhas.
  4226 | D:5      | Found a hazy altar of Hepliaklqana.
  4421 | D:6      | Found a staircase to the Ecumenical Temple.
  4452 | Temple   | Entered the Ecumenical Temple
  4459 | Temple   | Became a worshipper of Makhleb the Destroyer
  4480 | D:6      | Reached skill level 5 in Fighting
  4747 | D:5      | Gained mutation: You passively map the area around you.
                  | [Deep Dwarf growth]
  4747 | D:5      | Reached XP level 9. HP: 20/81 MP: 7/7
  4762 | D:5      | Reached skill level 8 in Axes
  5247 | D:6      | Reached * piety under Makhleb
  5428 | D:7      | Reached skill level 9 in Axes
  5508 | D:7      | Found a sparkling altar of Nemelex Xobeh.
  5783 | D:7      | Reached skill level 10 in Axes
  5919 | D:7      | Reached ** piety under Makhleb
  5920 | D:7      | Reached XP level 10. HP: 36/91 MP: 5/5
  6075 | D:8      | Identified a scroll of acquirement
  6075 | D:8      | Acquired a +5 demon whip of freezing
  6081 | D:8      | Found an opulent altar of Gozag.
  6144 | D:8      | Reached skill level 1 in Invocations
  6167 | D:8      | Reached skill level 1 in Maces & Flails
  6175 | D:8      | Noticed a gargoyle
  6185 | D:8      | Killed a gargoyle
  6246 | D:8      | Found a staircase to the Lair.
  6257 | Lair:1   | Entered Level 1 of the Lair of Beasts
  6257 | Lair:1   | Noticed a black mamba
  6268 | D:8      | Killed a black mamba
  6608 | D:8      | Noticed a two-headed ogre
  6619 | D:8      | Killed a two-headed ogre
  6725 | D:8      | Reached skill level 5 in Invocations
  6838 | D:9      | Reached XP level 11. HP: 52/99 MP: 8/8
  6861 | D:9      | Found a flagged portal.
  6870 | Bailey   | Entered a bailey
  6889 | Bailey   | Reached *** piety under Makhleb
  7018 | Bailey   | Noticed an orc knight
  7030 | Bailey   | Killed an orc knight
  7046 | Bailey   | Reached **** piety under Makhleb
  7175 | Bailey   | Noticed an orc knight
  7175 | Bailey   | Noticed an orc warlord
  7188 | Bailey   | HP: 2/99 [orc warlord/bolt (22)]
  7195 | Bailey   | Demolished by an orc warlord

Illustrated notes

Levels and vault maps discovered:
D:1:      lightli_arrival_noodles, layout_basic, chequers_serial_rivers_small_b
D:2:      layout_basic, uniq_sigmund
D:3:      layout_loops_cross, fedhas_altar_4, nicolae_ru_sacrificial_ziggurat,
          overflow_temple_1_default, shapermc_ecumenical_altar_mp_ritualfount
D:4:      layout_basic, ashenzari_altar_1, gammafunk_ghost_smash, uniq_pikel
D:5:      layout_cave_pools, mainiacjoe_overflow_small_starburst,
          doesnt_xom_only_xom, gammafunk_ghost_cemetery, doesnt_shop_hydraphobe
D:6:      minmay_chambers_of_threes, layout_loops_cross,
          minmay_temple_entry_mini_moons
D:7:      layout_cave_pools, nemelex_diamond_rough_becter
D:8:      layout_basic, lemuel_round_altar, grunt_lair_entry_orc_guard_hut
D:9:      layout_basic, kennysheep_mini, enter_bailey_6
Temple:   nicolae_temple_x_marks_the_god
Lair:1:   layout_roguey, infiniplex_staircase_pool_2, grunt_megastairs_5
Bailey:   bailey_axe_minmay_hex_keep, bailey

Skill      XL: |  1  2  3  4  5  6  7  8  9 10 |
---------------+-------------------------------+-----
Fighting       | 3 4 5 6 |  6.6
Axes           | 3 4 5 6 7 10 | 10.6
Armour         | 4 5 6 7 8 |  8.6
Dodging        | 1 2 |  2.3
Shields        | 4 5 6 7 8 |  8.6
Throwing       | 2 3 |  3.1
Invocations    | 5 |  5.5
Maces & Flails | 4 |  4.6
Stealth        | |  0.5

Action                   |  1- 3 |  4- 6 |  7- 9 | 10-12 || total
-------------------------+-------+-------+-------+-------++-------
Melee: War axe           |    49 |   104 |   390 |       ||   543
       Demon whip        |       |       |       |   134 ||   134
       Broad axe         |       |       |       |    92 ||    92
Throw: Boomerang         |       |     7 |    10 |     4 ||    21
       Dart              |       |     3 |    35 |       ||    38
Invok: Lesser Servant of |       |       |       |     2 ||     2
       Minor Destruction |       |       |       |     1 ||     1
       Major Destruction |       |       |       |     1 ||     1
 Abil: Heal Wounds       |       |     2 |    14 |     4 ||    20
  Use: Potion            |       |     1 |     3 |     2 ||     6
       Scroll            |       |       |     5 |    12 ||    17
Armor: Scale mail        |    24 |    48 |    40 |       ||   112
       Crystal plate arm |       |       |   247 |   136 ||   383
Dodge: Dodged            |     7 |    43 |   103 |    31 ||   184
Block: Kite shield       |    20 |    74 |   269 |   146 ||   509
